 Dungeon Crawl Stone Soup version 0.24-a0-434-gd57e52fea8 (webtiles) character file.

Game seed: 10999280536301529951

86 Azzok the Shield-Bearer (level 4, -4/35 HPs)
             Began as a Formicid Fighter on June 15, 2019.
             Slain by Grinder (6 damage)
             ... on level 3 of the Dungeon.
             The game lasted 00:02:39 (1694 turns).

Azzok the Shield-Bearer (Formicid Fighter)          Turns: 1694, Time: 00:02:40

Health: -4/35      AC:  6    Str: 30    XL:     4   Next: 77%
Magic:  4/4        EV:  8    Int:  7    God:
Gold:   85         SH: 11    Dex: 10    Spells: 3/3 levels left

rFire    . . .     SeeInvis +   a - +0 war axe
rCold    . . .     Gourm    .   c - +0 shield
rNeg     . . .     Faith    .   b - +0 scale mail
rPois    .         Spirit   .   (helmet unavailable)
rElec    .         Reflect  .   (no cloak)
rCorr    .         Harm     .   (no gloves)
MR       .....                  (no boots)
Stlth    ..........             (no amulet)
HPRegen  0.11/turn              k - +3 ring of strength
MPRegen  0.09/turn              u - ring of teleportation (curse)

@: mighty, lethally poisoned (-4 -> -8)
A: permanent stasis, dig shafts and tunnels, four strong arms, antennae 3
a: Dig, Shaft Self


You were on level 3 of the Dungeon.
You were not hungry.

You visited 1 branch of the dungeon, and saw 3 of its levels.

You collected 85 gold pieces.

Inventory:

Hand Weapons
 a - a +0 war axe (weapon)
Armour
 b - a +0 scale mail (worn)
 c - a +0 shield (worn)
Jewellery
 k - a +3 ring of strength (left hand)
 s - a +3 ring of strength
 u - a cursed ring of teleportation (right hand)
Scrolls
 e - 2 scrolls of teleportation {unknown}
 i - a scroll of enchant weapon {unknown}
 j - a scroll of enchant armour {unknown}
 m - a scroll of identify
 p - a scroll of immolation {unknown}
 q - a scroll of remove curse {unknown}
Potions
 h - 3 potions of curing
 l - 2 potions of heal wounds
 o - a potion of mutation {!q}
Comestibles
 f - 2 rations
 g - 3 chunks of flesh


   Skills:
 - Level 3.2 Fighting
 + Level 3.5 Axes
 - Level 3.2 Armour
 + Level 5.0 Shields


You had 3 spell levels left.
You didn't know any spells.
Your spell library contained the following spells:

 Spells                   Type           Power        Failure   Level  Hunger
 Corpse Rot               Necr           N/A          98%         2    ###....
 Sublimation of Blood     Necr           #.........   98%         2    ###....
 Agony                    Necr           #.......     100%        5    ######.
 Bolt of Draining         Conj/Necr      #.........   100%        5    ######.
 Dispel Undead            Necr           #.......     100%        5    ######.
 Excruciating Wounds      Chrm/Necr      #.........   100%        5    ######.


Dungeon Overview and Level Annotations

Branches:
Dungeon (3/15)

Altars:
Vehumet
Yredelemnul

Annotations:
D:3 Grinder


Innate Abilities, Weirdness & Mutations

You cannot be hasted, slowed, berserked, paralysed or teleported.
You can dig through walls and to a lower floor.
Your four strong arms can wield two-handed weapons with a shield.
You have a pair of large antennae on your head. (SInv)


Message History

Grinder gestures at you.
Your stasis prevents you from being paralysed.
The adder bites you but does no damage.
You feel very mighty all of a sudden. You block Grinder's attack.
The adder closely misses you.
You closely miss Grinder.
Grinder is severely wounded.
You closely miss the adder. The adder barely misses you.
You block Grinder's attack. The adder bites you.
* * * LOW HITPOINT WARNING * * *
You are poisoned.
The adder poisons you!
You closely miss Grinder.
Grinder is severely wounded.
You barely miss the adder.
You feel sick.
Grinder says, "You look like you could use a good racking."
Grinder hits you.
* * * LOW HITPOINT WARNING * * *
You writhe in agony.
You die...

▒▒· ·<· ▒·▒·▒ ▒
▒▒▒▒·▒·▒·▒
····▒·▒r {
··)▒bl{ ··▒S▒
▒·▒@▒
▒▒▒▒▒▒▒·▒5▒▒▒·▒▒
······5··········
▒▒▒▒▒▒·▒▒▒▒▒▒·▒▒
▒·▒▒ ▒··▒ ▒▒·▒▒
▒··▒ ▒▒·▒


You could see Grinder, an adder, a quokka, a bat and a frilled lizard.

Vanquished Creatures
  Terence (D:3)
  A worm (D:2)
  5 leopard geckos
  6 giant cockroaches
  5 hobgoblins
  A quokka (D:3)
  A ball python (D:2)
  9 bats
  3 frilled lizards
  5 goblins
  5 kobolds
  12 rats
54 creatures vanquished.

Notes
Turn   | Place    | Note
-------+----------+-------------------------------------------
     0 | D:1      | Azzok the Formicid Fighter began the quest for the Orb.
     0 | D:1      | Reached XP level 1. HP: 18/18 MP: 1/1
    66 | D:1      | Reached XP level 2. HP: 24/24 MP: 2/2
   104 | D:1      | Reached skill level 4 in Shields
   542 | D:1      | Reached XP level 3. HP: 24/29 MP: 3/3
  1010 | D:2      | Found a radiant altar of Vehumet.
  1010 | D:2      | Found a basalt altar of Yredelemnul.
  1147 | D:2      | Reached XP level 4. HP: 25/35 MP: 4/4
  1512 | D:2      | Found a faded altar of an unknown god.
  1620 | D:3      | Noticed Terence
  1630 | D:3      | Killed Terence
  1630 | D:3      | Reached skill level 5 in Shields
  1676 | D:3      | Noticed Grinder
  1694 | D:3      | Slain by Grinder

Levels and vault maps discovered:
D:1:      dpeg_arrival_prison, layout_basic
D:2:      layout_basic, chequers_temple_overflow_statue_of_worship,
          chequers_ecumenical_altar_island
D:3:      lemuel_upstairs_altar, layout_basic, first_ration, uniq_sigmund,
          uniq_grinder, uniq_terence, uniq_ijyb

Skill      XL: |  1  2  3  4 |
---------------+-------------+-----
Shields        | 4 5 |  5.0
Axes           | 3 |  3.5
Fighting       | |  3.2
Armour         | |  3.2

Action                   |  1- 3 |  4- 6 || total
-------------------------+-------+-------++-------
Melee: War axe           |   114 |    40 ||   154
  Use: Scroll            |       |     6 ||     6
       Potion            |       |     1 ||     1
  Eat: Chunk             |     1 |     2 ||     3
Armor: Scale mail        |    50 |    20 ||    70
Dodge: Dodged            |    23 |    20 ||    43
Block: Shield            |    65 |    41 ||   106

Table legend:
 A = Non-vault XP
 B = Vault XP
 C = Vault XP percentage of total XP
 D = Non-vault monster count
 E = Vault monster count
 F = Vault count percentage of total count
                 A         B        C        D         E       F
            +---------+---------+-------+---------+---------+-------
      Total |      79 |      44 |  35.8 |      48 |       6 |  11.1
            +---------+---------+-------+---------+---------+-------
        D:1 |      36 |       8 |  18.2 |      23 |       5 |  17.9
        D:2 |      37 |       0 |   0.0 |      21 |       0 |   0.0
        D:3 |       6 |      36 |  85.7 |       4 |       1 |  20.0
            +---------+---------+-------+---------+---------+-------
